ITL
AMARILLO ARCHDUKES @ TOPEKA TORNADOS
08/04/2028
 
TOP OF THE 1ST
Amarillo Archdukes batting - Pitching for Topeka Tornados : RHP José López
Pitching: RHP José López
Batting: SHB Álex Hernández 0-0: Ball
1-0: SINGLE (Line Drive, 7LS)
Batting: RHB Seiji Kouno 0-0: Ball
1-0: Ball
2-0: Called Strike
2-1: Ball
3-1: Fly out, F7 (Flyball, 7LM)
Batting: LHB Brian Boone 0-0: Ball
1-0: Called Strike
1-1: DOUBLE (Flyball, 7D)
Álex Hernández to third
Runner from 3rd tries for Home, throw and OUT!
Brian Boone to third
Batting: LHB Howard Lambert 0-0: Swinging Strike
0-1: Called Strike
0-2: Ball
1-2: Strikes out swinging
Top of the 1st over - 0 run(s), 2 hit(s), 0 error(s), 1 left on base; Amarillo 0 - Topeka 0
BOTTOM OF THE 1ST
Topeka Tornados batting - Pitching for Amarillo Archdukes : RHP Gene McNeil
Pitching: RHP Gene McNeil
Batting: SHB Javier Peña 0-0: Fly out, F6 (Popup, 6D)
Batting: SHB Wayne Matthews 0-0: Ball
1-0: Swinging Strike
1-1: Foul Ball, location: 2F
1-2: Strikes out swinging
Batting: RHB Bob Hall 0-0: Called Strike
0-1: Swinging Strike
0-2: Strikes out swinging
Bottom of the 1st over - 0 run(s), 0 hit(s), 0 error(s), 0 left on base; Amarillo 0 - Topeka 0
TOP OF THE 2ND
Amarillo Archdukes batting - Pitching for Topeka Tornados : RHP José López
Batting: RHB Nobuharu Hoshino 0-0: Ball
1-0: Ball
2-0: Ball
3-0: Called Strike
3-1: Base on Balls
Batting: LHB John Frost 0-0: Ball
1-0: Called Strike
1-1: Swinging Strike
1-2: Grounds into double play, 4-6-3 (Groundball, 4)
Batting: RHB Norm Francis 0-0: Ball
1-0: Foul Ball, location: 2F
1-1: Ball
2-1: Ground out 6-3 (Groundball, 6)
Top of the 2nd over - 0 run(s), 0 hit(s), 0 error(s), 0 left on base; Amarillo 0 - Topeka 0
BOTTOM OF THE 2ND
Topeka Tornados batting - Pitching for Amarillo Archdukes : RHP Gene McNeil
Batting: SHB Giancarlo Giannini 0-0: Ball
1-0: SOLO HOME RUN (Flyball, 89XD), Distance : 400 ft
Batting: RHB Ed Watkins 0-0: Called Strike
0-1: Foul Ball, location: 2F
0-2: Foul Ball, location: 2F
0-2: Ball
1-2: SINGLE (Flyball, 8RS)
Batting: RHB Santiago Morales 0-0: Grounds into double play, 6-4-3 (Groundball, 6)
Batting: RHB Dave Henderson 0-0: Called Strike
0-1: Ball
1-1: Ground out 6-3 (Groundball, 6)
Bottom of the 2nd over - 1 run(s), 2 hit(s), 0 error(s), 0 left on base; Amarillo 0 - Topeka 1
TOP OF THE 3RD
Amarillo Archdukes batting - Pitching for Topeka Tornados : RHP José López
Batting: RHB Michael Thomas 0-0: Ball
1-0: Called Strike
1-1: Foul Ball, location: 2F
1-2: Ball
2-2: Ground out 5-3 (Groundball, 56S)
Batting: RHB Esteban Lara 0-0: Ball
1-0: Ground out 1-3 (Groundball, P)
Batting: SHB Álex Hernández 0-0: Ball
1-0: Foul Ball, location: 2F
1-1: Fly out, F3 (Line Drive, 3)
Top of the 3rd over - 0 run(s), 0 hit(s), 0 error(s), 0 left on base; Amarillo 0 - Topeka 1
BOTTOM OF THE 3RD
Topeka Tornados batting - Pitching for Amarillo Archdukes : RHP Gene McNeil
Batting: RHB Rick Ayliffe 0-0: Ball
1-0: SINGLE (Line Drive, 6MD)
Batting: RHB Dave Boom 0-0: Foul Ball, location: 2F
0-1: Ball
1-1: Foul Ball, location: 2F
1-2: Strikes out looking
Batting: SHB Javier Peña 0-0: Ball
1-0: Ball
2-0: Ball
3-0: Called Strike
3-1: Base on Balls
Rick Ayliffe to second
Batting: SHB Wayne Matthews 0-0: Ball
1-0: Called Strike
1-1: Foul Ball, location: 2F
1-2: Ball
2-2: SINGLE (Groundball, 34D)
Rick Ayliffe to third
Javier Peña to second
Batting: RHB Bob Hall 0-0: Ball
1-0: Fly out, F4 (Popup, 3D)
Batting: SHB Giancarlo Giannini 0-0: Called Strike
0-1: Ball
1-1: Ball
2-1: Swinging Strike
2-2: Strikes out looking
Bottom of the 3rd over - 0 run(s), 2 hit(s), 0 error(s), 3 left on base; Amarillo 0 - Topeka 1
TOP OF THE 4TH
Amarillo Archdukes batting - Pitching for Topeka Tornados : RHP José López
Batting: RHB Seiji Kouno 0-0: DOUBLE (Flyball, 8LD)
Batting: LHB Brian Boone 0-0: Called Strike
0-1: Ball
1-1: Ball
2-1: Ball
3-1: Base on Balls
Batting: LHB Howard Lambert 0-0: Ball
1-0: Swinging Strike
1-1: Fly out, F8 (Flyball, 8RM)
Batting: RHB Nobuharu Hoshino 0-0: Ball
1-0: Called Strike
1-1: Ball
2-1: Called Strike
2-2: Foul Ball, location: 2F
2-2: Ball
3-2: Base on Balls
Seiji Kouno to third
Brian Boone to second
Batting: LHB John Frost 0-0: Ball
1-0: Foul Ball, location: 2F
1-1: Ball
2-1: Foul Ball, location: 2F
2-2: Strikes out swinging
Batting: RHB Norm Francis 0-0: Ball
1-0: Ball
2-0: Swinging Strike
2-1: Ball
3-1: Foul Ball, location: 2F
3-2: Base on Balls
Seiji Kouno scores
Brian Boone to third
Nobuharu Hoshino to second
Batting: RHB Michael Thomas 0-0: Called Strike
0-1: Called Strike
0-2: Ball
1-2: Hit by Pitch
Brian Boone scores
Nobuharu Hoshino to third
Norm Francis to second
Batting: RHB Esteban Lara 0-0: Swinging Strike
0-1: Ball
1-1: Foul Ball, location: 2F
1-2: Fielders Choice at 2nd, 5-4 (Groundball, 56)
Top of the 4th over - 2 run(s), 1 hit(s), 0 error(s), 2 left on base; Amarillo 2 - Topeka 1
BOTTOM OF THE 4TH
Topeka Tornados batting - Pitching for Amarillo Archdukes : RHP Gene McNeil
Batting: RHB Ed Watkins 0-0: Called Strike
0-1: Ball
1-1: Fly out, F4 (Line Drive, 4D)
Batting: RHB Santiago Morales 0-0: Ball
1-0: Foul Ball, location: 2F
1-1: Ball
2-1: Called Strike
2-2: Foul Ball, location: 2F
2-2: Strikes out looking
Batting: RHB Dave Henderson 0-0: Ball
1-0: Ball
2-0: Called Strike
2-1: Foul Ball, location: 2F
2-2: Foul Ball, location: 2F
2-2: Fly out, F8 (Flyball, 8RM)
Bottom of the 4th over - 0 run(s), 0 hit(s), 0 error(s), 0 left on base; Amarillo 2 - Topeka 1
TOP OF THE 5TH
Amarillo Archdukes batting - Pitching for Topeka Tornados : RHP José López
Batting: SHB Álex Hernández 0-0: Fly out, F5 (Popup, 5L)
Batting: RHB Seiji Kouno 0-0: Foul Ball, location: 2F
0-1: Ground out 4-3 (Groundball, 4)
Batting: LHB Brian Boone 0-0: SINGLE (Line Drive, 4MD)
Batting: LHB Howard Lambert 0-0: Foul Ball, location: 2F
0-1: Fielders Choice at 2nd, 4-6 (Groundball, 4)
Top of the 5th over - 0 run(s), 1 hit(s), 0 error(s), 0 left on base; Amarillo 2 - Topeka 1
BOTTOM OF THE 5TH
Topeka Tornados batting - Pitching for Amarillo Archdukes : RHP Gene McNeil
Batting: RHB Rick Ayliffe 0-0: Ball
1-0: Swinging Strike
1-1: Ball
2-1: Foul Ball, location: 2F
2-2: Foul Ball, location: 2F
2-2: Ball
3-2: DOUBLE (Flyball, 78M)
Batting: RHB Dave Boom 0-0: Called Strike
0-1: Ball
1-1: Called Strike
1-2: Strikes out swinging passed ball, reaches first!
Rick Ayliffe to third
Batting: SHB Javier Peña 0-0: Ball
Pickoff Throw to First - Error! E1
Rick Ayliffe scores
Dave Boom to second
1-0: Intentional Walk
Batting: SHB Wayne Matthews 0-0: Called Strike
0-1: Swinging Strike
0-2: Fly out, F8 (Line Drive, 78M)
Batting: RHB Bob Hall 0-0: Reached on error, E6 (Groundball, 6)
Dave Boom to third
Javier Peña to second
Batting: SHB Giancarlo Giannini 0-0: Ball
1-0: Foul Ball, location: 2F
1-1: Ball
2-1: Ball
3-1: Foul Ball, location: 2F
3-2: GRAND SLAM HOME RUN (Flyball, 89XD), Distance : 387 ft
Pitching: RHP Dalton Ray
Batting: RHB Ed Watkins 0-0: Called Strike
0-1: Ground out 6-3 (Groundball, 6)
Batting: RHB Santiago Morales 0-0: Ball
1-0: Ball
2-0: Called Strike
2-1: Fly out, F6 (Line Drive, 6)
Bottom of the 5th over - 5 run(s), 2 hit(s), 2 error(s), 0 left on base; Amarillo 2 - Topeka 6
TOP OF THE 6TH
Amarillo Archdukes batting - Pitching for Topeka Tornados : RHP José López
Batting: RHB Nobuharu Hoshino 0-0: Foul Ball, location: 2F
0-1: Ball
1-1: Foul Ball, location: 2F
1-2: Ball
2-2: DOUBLE (Flyball, 89XD)
Batting: LHB John Frost 0-0: Ground out 4-3 (Groundball, 4)
Nobuharu Hoshino to third
Batting: RHB Norm Francis 0-0: Swinging Strike
0-1: Ball
1-1: Ball
2-1: Foul Ball, location: 2F
2-2: Ball
3-2: Base on Balls
Batting: RHB Michael Thomas 0-0: Ball
1-0: Ball
2-0: Ball
3-0: Called Strike
3-1: Foul Ball, location: 2F
3-2: Base on Balls
Norm Francis to second
Batting: RHB Esteban Lara 0-0: Ball
1-0: Called Strike
1-1: Ball
2-1: Ball
3-1: Base on Balls
Nobuharu Hoshino scores
Norm Francis to third
Michael Thomas to second
Pitching: RHP Gerald Hood
Batting: SHB Álex Hernández 0-0: Hit by Pitch
Norm Francis scores
Michael Thomas to third
Esteban Lara to second
Batting: RHB Seiji Kouno 0-0: Reached on error, E5 (Groundball, 56)
Michael Thomas scores
Esteban Lara to third
Álex Hernández to second
Batting: LHB Brian Boone 0-0: Foul Ball, location: 2F
0-1: SINGLE (Groundball, 4MD)
Esteban Lara scores
Álex Hernández to third
Seiji Kouno to second
Runner from 3rd tries for Home, SAFE, no throw
Batting: LHB Howard Lambert 0-0: Ball
1-0: Foul Ball, location: 2F
1-1: Ball
2-1: Foul Ball, location: 2F
2-2: Strikes out swinging
Batting: RHB Nobuharu Hoshino 0-0: Swinging Strike
0-1: SINGLE (Groundball, 6MD)
Seiji Kouno to third
Brian Boone to second
Runner from 3rd tries for Home, SAFE, no throw
Pitching: RHP Craig Adams
Batting: LHB John Frost 0-0: Swinging Strike
0-1: Foul Ball, location: 2F
0-2: Foul Ball, location: 2F
0-2: Ball
1-2: Fly out, F8 (Line Drive, 8RM)
Top of the 6th over - 6 run(s), 3 hit(s), 1 error(s), 2 left on base; Amarillo 8 - Topeka 6
BOTTOM OF THE 6TH
Topeka Tornados batting - Pitching for Amarillo Archdukes : RHP Dalton Ray
Batting: RHB Dave Henderson 0-0: Ball
1-0: Called Strike
1-1: Foul Ball, location: 2F
1-2: Foul Ball, location: 2F
1-2: Ball
2-2: Foul Ball, location: 2F
2-2: Strikes out swinging
Batting: RHB Rick Ayliffe 0-0: Called Strike
0-1: Fly out, F8 (Line Drive, 8LD)
Batting: RHB Dave Boom 0-0: Called Strike
0-1: Ball
1-1: Ball
2-1: Foul Ball, location: 2F
2-2: Ball
3-2: Strikes out swinging
Bottom of the 6th over - 0 run(s), 0 hit(s), 0 error(s), 0 left on base; Amarillo 8 - Topeka 6
TOP OF THE 7TH
Amarillo Archdukes batting - Pitching for Topeka Tornados : RHP Craig Adams
Batting: RHB Norm Francis 0-0: SINGLE (Line Drive, 6D)
Batting: RHB Michael Thomas 0-0: Bunted foul
0-1: Ball
1-1: Sac Bunt - play at first, batter OUT! 3-4
Norm Francis to second
Batting: RHB Esteban Lara 0-0: Ball
1-0: Ball
2-0: Ball
3-0: Base on Balls
Pinch Hitting: LHB Michael Cook 0-0: Foul Ball, location: 2F
0-1: Ball
1-1: Foul Ball, location: 2F
1-2: Fielders Choice at 2nd, 4-6 (Groundball, 34)
Norm Francis to third
Pitching: RHP Jon England
Batting: RHB Seiji Kouno 0-0: Called Strike
0-1: DOUBLE (Groundball, 5L)
Norm Francis scores
Michael Cook to third
Batting: LHB Brian Boone 0-0: Called Strike
0-1: Ball
1-1: Fly out, F9 (Flyball, 9LD)
Top of the 7th over - 1 run(s), 2 hit(s), 0 error(s), 2 left on base; Amarillo 9 - Topeka 6
BOTTOM OF THE 7TH
Topeka Tornados batting - Pitching for Amarillo Archdukes : RHP Dalton Ray
Now at 2B: Herb Bunch
Now at 3B: Jeff Chambers
Batting: SHB Javier Peña 0-0: DOUBLE (Line Drive, 7LS)
Batting: SHB Wayne Matthews 0-0: Called Strike
0-1: Swinging Strike
0-2: Hit by Pitch
Batting: RHB Bob Hall 0-0: Grounds into double play, 6-4-3 (Groundball, 6)
Javier Peña to third
Batting: SHB Giancarlo Giannini 0-0: Called Strike
0-1: Reached via error on a dropped throw, E1
Javier Peña scores
Batting: RHB Ed Watkins 0-0: Called Strike
0-1: Ball
1-1: Ball
Giancarlo Giannini is caught stealing 2nd base
Bottom of the 7th over - 1 run(s), 1 hit(s), 1 error(s), 0 left on base; Amarillo 9 - Topeka 7
TOP OF THE 8TH
Amarillo Archdukes batting - Pitching for Topeka Tornados : RHP Jon England
Batting: LHB Howard Lambert 0-0: Called Strike
0-1: Ball
1-1: Ball
2-1: Foul Ball, location: 2F
2-2: Ball
3-2: Foul Ball, location: 2F
3-2: Foul Ball, location: 2F
3-2: Foul Ball, location: 2F
3-2: Base on Balls
Pitching: LHP Jorge Ybarra
Batting: RHB Nobuharu Hoshino 0-0: Foul Ball, location: 2F
0-1: Called Strike
0-2: Ball
Howard Lambert is caught stealing 2nd base
1-2: Ball
2-2: Strikes out swinging
Batting: LHB John Frost 0-0: Called Strike
0-1: Ball
1-1: Called Strike
1-2: Ball
2-2: Strikes out looking
Top of the 8th over - 0 run(s), 0 hit(s), 0 error(s), 0 left on base; Amarillo 9 - Topeka 7
BOTTOM OF THE 8TH
Topeka Tornados batting - Pitching for Amarillo Archdukes : RHP Dalton Ray
Batting: RHB Ed Watkins 0-0: Swinging Strike
0-1: Fly out, F8 (Flyball, 89M)
Batting: RHB Santiago Morales 0-0: Swinging Strike
0-1: Swinging Strike
0-2: Foul Ball, location: 2F
0-2: Fly out, F6 (Line Drive, 6M)
Batting: RHB Dave Henderson 0-0: Ball
1-0: Ball
2-0: SINGLE (Groundball, 34D)
Pitching: RHP Mike Hodges
Batting: RHB Rick Ayliffe 0-0: Called Strike
0-1: DOUBLE (Line Drive, 89D)
Dave Henderson to third
Runner from 3rd tries for Home, SAFE, no throw
Batting: RHB Dave Boom 0-0: Ball
1-0: Swinging Strike
1-1: Ball
2-1: Foul Ball, location: 2F
2-2: Strikes out swinging
Bottom of the 8th over - 1 run(s), 2 hit(s), 0 error(s), 1 left on base; Amarillo 9 - Topeka 8
TOP OF THE 9TH
Amarillo Archdukes batting - Pitching for Topeka Tornados : LHP Jorge Ybarra
Pitching: RHP Masamichi Samurakami
Batting: RHB Norm Francis 0-0: Swinging Strike
0-1: Called Strike
0-2: Foul Ball, location: 2F
0-2: Ball
1-2: Foul Ball, location: 2F
1-2: SINGLE (Groundball, 56D)
Batting: RHB Michael Thomas 0-0: Sac Bunt - play at first, batter OUT! 2-4
Norm Francis to second
Pinch Hitting: LHB Edwin Ryan 0-0: Foul Ball, location: 2F
0-1: Foul Ball, location: 2F
0-2: Strikes out swinging
Batting: SHB Jeff Chambers 0-0: Ball
1-0: Ground out U3 (Groundball, 34)
Top of the 9th over - 0 run(s), 1 hit(s), 0 error(s), 1 left on base; Amarillo 9 - Topeka 8
BOTTOM OF THE 9TH
Topeka Tornados batting - Pitching for Amarillo Archdukes : RHP Mike Hodges
Pitching: LHP Rob Lucas
Now at 2B: Gil Watcham
Pinch Hitting: RHB Desi Thompson 0-0: Foul Ball, location: 2F
0-1: Foul Ball, location: 2F
0-2: Ball
1-2: Fly out, F9 (Flyball, 9S)
Pinch Hitting: RHB James Stevens 0-0: Called Strike
0-1: Ball
1-1: Ball
2-1: Called Strike
2-2: Foul Ball, location: 2F
2-2: Ball
3-2: Foul Ball, location: 2F
3-2: Strikes out looking
Batting: RHB Bob Hall 0-0: Ball
1-0: DOUBLE (Line Drive, 7LM)
Batting: SHB Giancarlo Giannini 0-0: Ball
1-0: Ball
2-0: Ball
3-0: Base on Balls
Batting: RHB Ed Watkins 0-0: SINGLE (Groundball, 56) (infield hit)
Bob Hall to third
Giancarlo Giannini to second
Batting: RHB Santiago Morales 0-0: Called Strike
0-1: Ball
1-1: Ball
2-1: SINGLE (Flyball, 9S)
Bob Hall scores
Giancarlo Giannini to third
Ed Watkins to second
Runner from 3rd tries for Home, SAFE, throw made home
Tuesday, August 8th, 2017 - OOTP Baseball 17.12 Build 75